Map: [ESL] Ancient Cistern

Players

MaxPax - Winner!

  • Race: Protoss Protoss
  • Spawn Location: 7:00

Clem

  • Race: Terran Terran
  • Spawn Location: 1:00

Event: ESL SC2 Masters 2023 Summer (Regionals)

VOD

Have the link to the VOD?

Description

Time

  • Played on: May 7, 2023, 2 p.m.
  • Length: 11:57

All games in this series

Show
View Real Time Build Order
Export as new Build Order

MaxPax Protoss - Winner!

Build Orders: 1 Gate Expand, Blink Stalkers 

Get SALT Encoding   

  12  0:00  Probe  
  13  0:12  Probe  
  14  0:17  Pylon  
  14  0:24  Probe (Chrono Boost)  
  16  0:36  Gateway  
  16  0:37  Probe (Chrono Boost)  
  16  0:43  Probe (Chrono Boost)  
  16  0:45  Assimilator  
  17  0:51  Probe  
  18  1:03  Probe  
  19  1:15  Probe  
  20  1:22  Cybernetics Core  
  20  1:24  Zealot  
  22  1:36  Nexus  
  22  1:42  Pylon  
  22  1:46  Probe  
  23  1:52  Assimilator  
  23  2:00  Probe, Stalker (Chrono Boost)  
  26  2:12  Probe  
  26  2:13  Shield Battery  
  27  2:20  Stalker (Chrono Boost)  
  27  2:25  Probe  
  29  2:30  Warp Gate  
  30  2:37  Probe  
  30  2:45  Stalker (Chrono Boost)  
  30  2:49  Probe x2  
  32  2:56  Twilight Council  
  32  3:01  Probe x2  
  33  3:13  Probe  
  33  3:14  Probe  
  33  3:25  Probe  
  34  3:29  Probe  
  34  3:31  Blink (Chrono Boost)  
  35  3:37  Probe  
  36  3:41  Probe  
  36  3:42  Robotics Facility  
  36  3:46  Gateway  
  37  3:49  Probe  
  37  3:53  Probe  
  39  4:01  Probe  
  38  4:06  Probe, Gateway  
  38  4:07  Gateway  
  37  4:13  Probe, Pylon  
  38  4:18  Probe, Stalker  
  38  4:22  Assimilator  
  41  4:26  Probe  
  41  4:30  Probe  
  43  4:38  Probe  
  43  4:39  Warp Prism (Chrono Boost)  
  43  4:42  Probe  
  46  4:46  Pylon  
  46  4:47  Stalker x2  
  46  4:51  Probe  
  51  4:54  Probe  
  52  5:01  Stalker  
  52  5:05  Stalker  
  56  5:08  Pylon  
  56  5:21  Dark Shrine  
  56  5:24  Pylon  
  56  5:27  Pylon  
  56  5:32  Stalker x2  
  56  5:33  Stalker x2  
  56  5:35  Probe  
  65  5:40  Probe, Assimilator  
  66  5:47  Probe  
  67  5:52  Probe  
  67  5:54  Charge  
  68  5:59  Probe  
  68  6:02  Nexus  
  68  6:04  Probe, Observer (Chrono Boost)  
  71  6:15  Probe  
  73  6:18  Probe  
  73  6:28  Probe (Chrono Boost)  
  73  6:30  Probe (Chrono Boost)  
  73  6:32  Robotics Bay  
  75  6:33  Forge  
  75  6:39  Shield Battery  
  76  6:40  Probe (Chrono Boost)  
  76  6:42  Probe (Chrono Boost)  
  77  6:47  Probe (Chrono Boost)  
  77  6:48  Probe (Chrono Boost)  
  77  6:52  Dark Templar x2  
  77  6:53  Dark Templar  
  85  6:54  Probe, Pylon  
  85  6:59  Gateway  
  86  7:02  Gateway  
  86  7:06  Pylon x2  
  86  7:12  Probe x2  
  88  7:20  Probe, Colossus (Chrono Boost)  
  93  7:24  Probe  
  93  7:27  Zealot x2, Sentry  
  101  7:35  Pylon, Shield Battery  
  101  7:36  Extended Thermal Lance  
  100  7:38  Zealot  
  100  7:41  Pylon  
  100  7:43  Pylon  
  98  7:46  Probe  
  99  7:55  Zealot x3  
  99  7:58  Probe x2, Colossus (Chrono Boost)  
  113  8:04  Gateway  
  113  8:06  Gateway  
  105  8:14  Probe  
  105  8:18  Zealot x5  
  115  8:20  Zealot  
  115  8:21  Protoss Ground Weapons Level 1 (Chrono Boost)  
  116  8:30  Pylon  
  116  8:33  Templar Archives  
  116  8:35  Pylon  
  116  8:41  Colossus (Chrono Boost)  
  116  8:43  Zealot, Sentry  
  116  8:45  Pylon  
  126  8:54  Zealot x2  
  126  8:55  Zealot x2  
  134  9:00  Zealot  
  133  9:05  Pylon  
  122  9:19  Zealot x7, Colossus (Chrono Boost)  
  141  9:40  Pylon  
  139  9:46  Observer  
  139  9:47  Templar Archives  
  139  9:50  Pylon  
  139  9:53  Pylon x2  
  139  9:55  Nexus  
  139  10:00  Gateway  
  139  10:09  Pylon  
  138  10:15  Observer (Chrono Boost)  
  138  10:17  Zealot x5  
  149  10:28  Pylon x3  
  149  10:29  High Templar x2  
  149  10:34  Observer, Archon  
  154  10:37  Probe  
  155  10:44  Gateway  
  155  10:45  Photon Cannon  
  155  10:46  Forge  
  155  10:47  Stalker x2  
  159  11:01  Zealot x6  
  169  11:07  Warp Prism  
  170  11:19  Probe  
  172  11:26  Zealot x6  
  172  11:29  Photon Cannon  
  170  11:45  Stalker x4  
Show
View Real Time Build Order
Export as new Build Order

Clem Terran 

Build Orders:  

Get SALT Encoding   

  12  0:00  SCV  
  13  0:12  SCV  
  14  0:16  Supply Depot  
  14  0:24  SCV  
  15  0:38  SCV  
  15  0:39  Barracks  
  16  0:43  Refinery  
  16  0:50  SCV  
  17  1:02  SCV  
  17  1:04  Barracks  
  18  1:16  SCV  
  19  1:26  Reaper  
  19  1:28  Orbital Command  
  20  1:35  Supply Depot  
  20  1:50  Reaper  
  20  1:53  SCV  
  22  2:03  Reaper  
  22  2:06  SCV  
  24  2:13  Command Center  
  24  2:20  SCV  
  24  2:22  Marine  
  26  2:31  Bunker  
  26  2:33  SCV  
  26  2:35  Marine  
  28  2:40  Marine  
  28  2:42  Factory  
  29  2:49  SCV  
  29  2:50  Supply Depot  
  29  3:01  SCV  
  29  3:05  Refinery  
  30  3:10  Barracks Tech Lab  
  30  3:13  SCV  
  31  3:21  Barracks Reactor  
  31  3:25  SCV  
  31  3:26  Orbital Command  
  30  3:30  Marauder  
  30  3:34  Hellion  
  30  3:38  SCV  
  33  3:50  SCV  
  33  3:53  Marauder  
  33  3:55  SCV  
  36  3:58  Marine x2  
  36  4:02  SCV  
  38  4:06  Starport  
  38  4:07  SCV  
  39  4:13  Marine  
  39  4:14  Stimpack, SCV  
  41  4:17  Engineering Bay  
  41  4:19  SCV  
  41  4:20  Marine  
  41  4:22  Marine  
  44  4:24  Factory Reactor  
  44  4:29  SCV  
  44  4:30  Supply Depot  
  45  4:32  SCV  
  45  4:37  Marauder  
  47  4:39  Marine  
  47  4:41  SCV  
  47  4:44  SCV  
  48  4:46  Factory Tech Lab  
  48  4:51  Bunker  
  48  4:52  Marine  
  48  4:53  SCV  
  48  4:54  Supply Depot  
  48  4:56  Terran Infantry Weapons Level 1  
  48  4:58  SCV  
  51  5:01  Marauder  
  51  5:02  Marine  
  51  5:07  Siege Tank  
  57  5:08  SCV  
  57  5:10  SCV  
  57  5:12  Marine  
  60  5:16  Supply Depot  
  60  5:20  SCV  
  60  5:21  Marine  
  60  5:23  SCV, Refinery  
  60  5:26  Marauder  
  64  5:28  Starport Reactor  
  64  5:33  SCV  
  64  5:34  Barracks  
  64  5:35  SCV  
  66  5:36  Marine  
  66  5:39  Marine  
  68  5:44  Supply Depot  
  68  5:45  SCV  
  68  5:46  Siege Tank  
  72  5:54  SCV  
  69  5:57  SCV, Marine  
  69  5:58  Marine  
  70  6:06  Marauder, SCV  
  70  6:07  Supply Depot  
  70  6:09  SCV  
  74  6:15  Marine  
  75  6:18  Refinery  
  75  6:19  SCV  
  75  6:21  SCV  
  77  6:29  Marauder, Medivac, Viking  
  77  6:31  SCV, Supply Depot  
  84  6:33  SCV  
  84  6:36  Combat Shield  
  85  6:40  Marine  
  85  6:42  Supply Depot  
  86  6:49  Supply Depot  
  86  6:50  Concussive Shells  
  86  6:51  Factory Reactor  
  86  6:52  Marine x2, SCV x2  
  86  6:53  Marauder  
  92  7:00  Medivac  
  94  7:03  Marine  
  94  7:04  SCV x2  
  94  7:07  Supply Depot  
  94  7:08  Medivac  
  99  7:11  Missile Turret  
  99  7:14  Marine, Missile Turret  
  96  7:16  Marauder  
  93  7:27  Marine  
  93  7:29  Marauder  
  91  7:31  SCV x2  
  91  7:36  Widow Mine x2, Marine  
  97  7:43  Marine  
  96  7:45  SCV  
  96  7:50  Marauder  
  99  7:53  Marine  
  99  7:57  Missile Turret  
  99  7:58  Marine  
  101  8:04  Widow Mine  
  102  8:08  Marauder  
  102  8:10  Widow Mine  
  102  8:12  Marine  
  102  8:15  Marine  
  102  8:20  Supply Depot  
  102  8:21  SCV x2, Marine  
  102  8:24  Medivac  
  107  8:28  Supply Depot  
  107  8:29  Marauder  
  110  8:41  Marine, Medivac  
  110  8:42  Marauder  
  110  8:47  Command Center  
  114  8:51  Marauder  
  114  8:54  Medivac  
  116  9:00  Marine x2  
  106  9:03  SCV, Marauder  
  106  9:08  Widow Mine  
  104  9:12  SCV  
  104  9:16  SCV  
  101  9:20  Medivac  
  103  9:24  Medivac  
  103  9:28  Marauder  
  105  9:31  Marine  
  105  9:32  Marine  
  105  9:34  Marauder  
  109  9:39  SCV, Supply Depot  
  109  9:44  SCV  
  98  9:49  Widow Mine, Marauder  
  98  9:50  Widow Mine, Marine  
  98  9:51  SCV  
  106  9:52  Marine  
  106  9:58  Marauder  
  106  9:59  SCV  
  111  10:07  Orbital Command  
  111  10:11  Marauder, Viking  
  111  10:13  SCV  
  115  10:14  SCV  
  115  10:20  Viking  
  116  10:23  Widow Mine  
  116  10:25  Widow Mine  
  116  10:27  Orbital Command  
  120  10:31  Armory  
  120  10:34  Marauder  
  122  10:37  Marauder  
  122  10:40  SCV x2  
  126  10:47  Viking  
  126  10:48  Supply Depot  
  128  10:52  Viking  
  128  10:53  SCV  
  131  10:57  SCV  
  131  10:58  SCV  
  131  11:03  Widow Mine x2  
  137  11:07  Supply Depot  
  137  11:09  SCV  
  136  11:13  SCV  
  136  11:15  SCV  
  138  11:21  Marauder  
  138  11:22  Ghost Academy  
  138  11:24  Viking  
  142  11:29  SCV  
  142  11:31  SCV x2  
  147  11:37  Marine x3  
  141  11:41  SCV  
Tags
 
Add a new tag
Caveats
  • Supply blocks, unpowered buildings, or Contaminate may cause inaccurate times.
  • Supply counts are checked every 10 seconds.